 Dungeon Crawl Stone Soup version 0.30.1-4-g462c640d31 (webtiles) character file.

Game seed: 11677344839012183950

73 Xavier the Sneak (level 4, 0/34 HPs)
             Began as a Draconian Enchanter on Aug 30, 2023.
             Slain by a goblin
             ... wielding a +0 dagger
              (2 damage)
             ... on level 4 of the Dungeon.
             The game lasted 00:05:07 (1393 turns).

Xavier the Sneak (Draconian Enchanter)              Turns: 1393, Time: 00:05:08

Health: 0/34       AC:  5    Str:  8 (10) XL:     4   Next: 8%
Magic:  7/7        EV: 12    Int: 16 (17) God:
Gold:   61         SH:  0    Dex: 10 (12) Spells: 1/7 levels left

rFire   . . .        a - +1 dagger
rCold   . . .        (no shield)
rNeg    . . .        (body armour unavailable)
rPois   .            (helmet restricted)
rElec   .            (no cloak)
rCorr   .            (no gloves)
SInv    .            (no boots)
Will    .....        (no amulet)
Stlth   ++           (no ring)
HPRegen 0.25/turn    (no ring)
MPRegen 0.10/turn

%: no passive effects
@: slowed, very slow
A: AC +5, unfitting armour, cold-blooded
a: no special abilities


You were on level 4 of the Dungeon.
You visited 1 branch of the dungeon, and saw 4 of its levels.

You collected 61 gold pieces.

Inventory:

Hand Weapons
 a - a +1 dagger (weapon)
Missiles
 j - 2 poisoned darts
Scrolls
 c - a scroll of teleportation
 d - a scroll of immolation
Potions
 b - a potion of invisibility
 f - a potion of flight {unknown}
 g - 2 potions of mutation
 h - a potion of curing {unknown}
 i - a potion of might {unknown}


   Skills:
 * Level 0.8 Fighting
 * Level 1.4 Short Blades
 * Level 2.1 Dodging
 * Level 3.3 Stealth
 * Level 2.2 Spellcasting
 * Level 0.3 Conjurations
 * Level 3.1 Hexes
 * Level 0.1 Translocations
 * Level 0.4 Ice Magic
 * Level 0.2 Earth Magic


You had one spell level left.
You knew the following spells:

 Your Spells              Type           Power      Damage    Failure   Level
a - Momentum Strike       Conj/Tloc      4%         3d8       28%         2
b - Sandblast             Erth           4%         2d4       19%         1
c - Tukima's Dance        Hex            11%        N/A       17%         3

Your spell library contained the following spells:

 Spells                   Type           Power      Damage    Failure   Level
 Ensorcelled Hibernation  Hex/Ice        14%        N/A       14%         2
 Confusing Touch          Hex            11%        N/A       17%         3
 Blink                    Tloc           4%         N/A       28%         2
 Lesser Beckoning         Tloc           4%         N/A       28%         2
 Passwall                 Tmut/Erth      1%         N/A       28%         2
 Dazzling Flash           Conj/Hex       14%        N/A       30%         3
 Stone Arrow              Conj/Erth      4%         3d7       47%         3


Dungeon Overview and Level Annotations

Branches:
Dungeon (4/15)
 Temple: D:4-7

Altars:


Innate Abilities, Weirdness & Mutations

Your plain brown scales are hard. (AC +5)
You cannot fit into any form of body armour.
You are cold-blooded and may be slowed by cold attacks.


Message History

You hit the orc.
The orc is almost dead.
The orc hits you but does no damage. The endoplasm barely misses you.
The endoplasm freezes you.
You are frozen.
You feel as though you will be slow longer.
The goblin misses you.
You hit the orc.
You kill the orc!
The endoplasm barely misses you. The endoplasm freezes you.
You are frozen.
You feel as though you will be slow longer.
The goblin barely misses you. The goblin hits you but does no damage.
The endoplasm hits you. The endoplasm misses you.
You barely miss the endoplasm. The endoplasm barely misses you.
The goblin hits you with a +0 dagger.
* * * LOW HITPOINT WARNING * * *
The endoplasm completely misses you.
You hit the endoplasm.
The endoplasm is severely wounded.
The endoplasm closely misses you. The endoplasm freezes you.
You are frozen.
* * * LOW HITPOINT WARNING * * *
You feel as though you will be slow longer.
The goblin misses you. The endoplasm freezes you.
You are frozen.
* * * LOW HITPOINT WARNING * * *
The endoplasm freezes you.
You are frozen.
* * * LOW HITPOINT WARNING * * *
The goblin hits you but does no damage.
It was a potion of degeneration.
There was something very wrong with that liquid.
You feel weakened.
You feel dopey.
You feel clumsy.
The endoplasm hits you but does no damage.
The goblin hits you with a +0 dagger.
You die...

##. . ##..# .#
.#.... ..##
#......##....#
..##.........#
........#...
<.......#.#
......J@..# ##
......g)J.##..#
...............
.............##
......?<....##
...............
...............
..............#
...............


You could see 2 endoplasms and a goblin.

Vanquished Creatures
  Jessica (D:3)
  A gnoll (D:1)
  An adder (D:2)
  2 dart slugs (D:2)
  2 orcs
  2 ball pythons
  4 giant cockroaches
  2 goblins
  A hobgoblin (D:2)
  A bat (D:1)
  2 frilled lizards
  3 kobolds
  2 rats
24 creatures vanquished.

Notes
Turn   | Place    | Note
-------+----------+-------------------------------------------
     0 | D:1      | Xavier the Draconian Enchanter began the quest for the Orb.
     0 | D:1      | Reached XP level 1. HP: 14/14 MP: 3/3
   621 | D:1      | Reached XP level 2. HP: 4/20 MP: 5/5
   794 | D:1      | Learned a level 2 spell: Ensorcelled Hibernation
   796 | D:1      | Learned a level 1 spell: Sandblast
  1178 | D:2      | Reached XP level 3. HP: 27/27 MP: 6/6
  1182 | D:2      | Learned a level 3 spell: Tukima's Dance
  1237 | D:2      | Learned a level 2 spell: Momentum Strike
  1256 | D:3      | Noticed Jessica
  1258 | D:3      | Killed Jessica
  1369 | D:3      | Reached XP level 4. HP: 31/34 MP: 7/7
  1393 | D:4      | Slain by a goblin

Illustrated notes

Levels and vault maps discovered:
D:1:      dpeg_arrival_shrine, layout_basic, serial_bayou_crossing
D:2:      layout_loops_ring
D:3:      layout_basic, chequers_ecumenical_altar_simple_redux, uniq_jessica
D:4:      layout_cave_pools, minmay_temple_entry_large_hall, enter_ossuary_5

Skill      XL: |  1 |
---------------+----+-----
Dodging        | 2 |  2.1
Stealth        | 3 |  3.3
Hexes          | 3 |  3.1
Fighting       | |  0.8
Short Blades   | |  1.4
Spellcasting   | |  2.2
Conjurations   | |  0.3
Translocations | |  0.1
Ice Magic      | |  0.4
Earth Magic    | |  0.2

Action                     |  1- 3 |  4- 6 || total
---------------------------+-------+-------++-------
  Melee: Dagger            |    54 |    15 ||    69
         Tailslap          |     5 |     1 ||     6
         Punch             |     1 |       ||     1
   Cast: Sandblast         |     5 |       ||     5
         Ensorcelled Hiber |     1 |       ||     1
         Momentum Strike   |     1 |       ||     1
    Use: Scroll            |     5 |       ||     5
         Potion            |     1 |     1 ||     2
   Stab: Sleeping          |     4 |       ||     4
 Armour: Skin              |    10 |    16 ||    26
  Dodge: Dodged            |    44 |    23 ||    67
